 Dungeon Crawl Stone Soup version 0.28.0-1-gb440e238dd (webtiles) character file.

Game seed: 6831031819536711302

67 spaghetti the Sneak (level 4, -3/52 HPs)
             Began as a Demonspawn Delver on Feb 20, 2022.
             Slain by an orc (6 damage)
             ... on level 5 of the Dungeon.
             The game lasted 00:01:47 (940 turns).

spaghetti the Sneak (Demonspawn Delver)              Turns: 940, Time: 00:01:47

Health: -3/52      AC:  3    Str: 14    XL:     4   Next: 0%
Magic:  4/4        EV: 11    Int: 12    God:
Gold:   77         SH:  0    Dex: 14    Spells: 3/3 levels left

rFire   . . .      SeeInvis .   j - +0 war axe
rCold   . . .      Faith    .   (no shield)
rNeg    . . .      Spirit   .   b - +0 leather armour
rPois   .          Reflect  .   (no helmet)
rElec   .          Harm     .   (no cloak)
rCorr   .          Rampage  .   (no gloves)
Will    .....                   (no boots)
Stlth   ..........              (no amulet)
HPRegen 0.17/turn               (no ring)
MPRegen 0.09/turn               (no ring)

@: berserking, very quick
A: claws 1
a: no special abilities


You were on level 5 of the Dungeon.
You visited 1 branch of the dungeon, and saw 5 of its levels.

You collected 77 gold pieces.

Inventory:

Hand Weapons
 a - a +0 hand axe
 j - a +0 war axe (weapon)
Armour
 b - a +0 leather armour (worn)
Wands
 g - a wand of digging (3)
Scrolls
 c - a scroll of fog
 d - a scroll of vulnerability {unknown}
 e - a scroll of fear
 i - a scroll of identify {unknown}
Potions
 f - a potion of haste
 k - a potion of ambrosia {unknown}


   Skills:
 - Level 3.0 Fighting
 - Level 3.3 Axes
 - Level 1.7 Dodging
 - Level 4.5 Stealth
 + Level 1.7 Unarmed Combat


You had 3 spell levels left.
You didn't know any spells.
Your spell library was empty.

Dungeon Overview and Level Annotations

Branches:
Dungeon (7/15)             Temple (0/1) D:4

Altars:


Innate Abilities, Weirdness & Mutations

You have sharp fingernails.


Message History

Items here: )) [ †.
You closely miss something. Something hits you.
You closely miss something. Something hits you but does no damage.
You hear some strange, mumbled words.
A puff of flame appears from out of thin air!
The puff of flame hits you!
You are too injured to fight recklessly!
You are too injured to fight recklessly!
You closely miss something. Something hits you.
You closely miss something. Something hits you.
You completely miss something.
You hear some strange, mumbled words.
Something tries to affect you, but you resist.
You see here a +0 short sword.
You hear some strange, mumbled words.
A puff of flame appears from out of thin air!
The puff of flame hits you.
* * * LOW HITPOINT WARNING * * *
It was a potion of berserk rage.
A red film seems to cover your vision as you go berserk!
You feel yourself moving faster!
You feel mighty!
You barely miss something.
You hear some strange, mumbled words.
Something tries to affect you, but you resist.
You slash something!
You hear some strange, mumbled words.
A magic dart appears from out of thin air!
The magic dart hits you!
* * * LOW HITPOINT WARNING * * *
You miss something. You claw something.
Reactivating autopickup.
You feel a bit more experienced.
Your Unarmed Combat skill increases to level 1!
You have reached level 4!
You feel clever.
You barely miss the orc. You barely miss the orc. The orc misses you.
You closely miss the orc. The orc barely misses you.
You closely miss the orc. The orc hits you with a +0 morningstar.
You die...

.........# ...#.
.........+ ....
.........# ..#
#..>....## #.#
##.....## #)#
##...## #.# ##'##
#)# ####.######
#o# #.........#
#@# #.##.####.#
#.# #.#...###.#
#.#
#......##.######.#
#.#..............#
#.##..###.########
......# #.#
#.##.####.#
#.........#


You could see an orc.

Vanquished Creatures
  A jelly (D:4)
  An orc wizard (D:5)
  A worm (D:4)
  3 orcs (D:5)
  A ball python (D:4)
7 creatures vanquished.

Notes
Turn   | Place    | Note
-------+----------+-------------------------------------------
     0 | D:5      | spaghetti the Demonspawn Delver began the quest for the
                  | Orb.
     0 | D:5      | Reached XP level 1. HP: 18/18 MP: 1/1
    20 | D:5      | Noticed a black bear
    77 | D:6      | Noticed an ice beast
   166 | D:6      | Noticed a hound
   551 | D:4      | Noticed an ogre
   553 | D:4      | Noticed a jelly
   561 | D:4      | Killed a jelly
   562 | D:4      | Gained mutation: You have sharp fingernails. [demonic
                  | ancestry]
   562 | D:4      | Reached XP level 2. HP: 9/24 MP: 2/2
   562 | D:4      | Reached XP level 3. HP: 11/29 MP: 3/3
   935 | D:5      | HP: 2/43 [something/magic dart (7)]
   937 | D:5      | Reached skill level 1 in Unarmed Combat
   937 | D:5      | Reached XP level 4. HP: 3/35 MP: 4/4
   940 | D:5      | Slain by an orc

Illustrated notes

Levels and vault maps discovered:
D:3:      layout_basic
D:4:      layout_cave_pools, chequers_temple_overflow_minitemple,
          minmay_temple_entry_from_below_a, biasface_ghost_orc_armoury
D:5:      layout_loops_corners
D:6:      minmay_spotlight, layout_basic, serial_glass, glass_columns_c,
          glass_columns_b, serial_shops, nicolae_shop_behind_doors,
          chequers_serial_rivers_micro_a, uniq_edmund
D:7:      layout_cave_pools

Skill      XL: |  1  2  3 |
---------------+----------+-----
Axes           | 3 |  3.3
Unarmed Combat | 1 |  1.7
Fighting       | |  3.0
Dodging        | |  1.7
Stealth        | |  4.5

Action                   |  1- 3 |  4- 6 || total
-------------------------+-------+-------++-------
Melee: War axe           |    30 |     4 ||    34
       Punch             |     1 |       ||     1
  Use: Scroll            |     1 |       ||     1
       Potion            |     1 |       ||     1
 Stab: Sleeping          |     2 |       ||     2
Armor: Leather armour    |    14 |       ||    14
Dodge: Dodged            |    12 |     2 ||    14
